Map: Éphémèrion EC

Players

defer

  • Race: Protoss Protoss
  • League: Silver
  • Spawn Location: 11:00

IA (très facile) - Winner!

  • Race: Protoss Protoss
  • Spawn Location: 5:00

VOD

Have the link to the VOD?

Description

Time

  • Played on: Jan. 18, 2020, 8:01 a.m.
  • Length: 4:11
Show
View Real Time Build Order
Export as new Build Order

defer Protoss 

Build Orders: Nexus First 

Get SALT Encoding   

  12  0:00  Probe  
  13  0:12  Probe  
  14  0:17  Pylon  
  14  0:25  Probe  
  15  0:37  Probe  
  16  0:49  Probe  
  17  0:59  Nexus  
  17  1:03  Probe  
  18  1:14  Gateway  
  18  1:16  Probe  
  19  1:20  Gateway  
  19  1:28  Probe  
  19  1:30  Assimilator  
  20  1:38  Assimilator  
  20  1:40  Probe  
  21  1:49  Gateway  
  21  1:52  Probe  
  22  2:04  Probe (Chrono Boost)  
  23  2:12  Probe (Chrono Boost)  
  23  2:15  Cybernetics Core  
  25  2:16  Probe (Chrono Boost)  
  25  2:21  Probe (Chrono Boost)  
  26  2:23  Probe (Chrono Boost)  
  26  2:27  Probe (Chrono Boost)  
  28  2:30  Probe (Chrono Boost)  
  28  2:33  Pylon  
  29  2:42  Probe (Chrono Boost)  
  29  2:43  Probe (Chrono Boost)  
  31  2:47  Probe (Chrono Boost)  
  32  2:53  Probe  
  32  2:57  Probe  
  34  3:05  Probe  
  34  3:09  Probe (Chrono Boost)  
  36  3:16  Pylon x2  
  37  3:21  Probe (Chrono Boost)  
  37  3:23  Probe (Chrono Boost)  
  38  3:29  Probe (Chrono Boost)  
  38  3:32  Probe (Chrono Boost)  
  40  3:35  Probe  
  41  3:42  Probe  
  41  3:47  Probe  
  43  3:54  Probe  
Show
View Real Time Build Order
Export as new Build Order

IA (très facile) Protoss - Winner!

Build Orders:  

Get SALT Encoding   

  12  0:00  Probe  
  13  0:13  Probe  
  14  0:20  Pylon  
  14  0:36  Assimilator  
  14  0:42  Gateway  
  14  0:45  Pylon  
  14  1:16  Assimilator  
  14  1:24  Probe  
  14  1:30  Zealot  
  14  1:32  Probe, Cybernetics Core  
  18  1:40  Probe  
  19  1:51  Probe  
  20  1:58  Warp Gate  
  20  2:00  Probe  
  21  2:08  Probe  
  22  2:38  Stalker  
Tags
 
League
Silver
Matchup
PvP
Spawn Locations
Cross Positions
Add a new tag
Caveats
  • Supply blocks, unpowered buildings, or Contaminate may cause inaccurate times.
  • Supply counts are checked every 10 seconds.